 Dungeon Crawl Stone Soup version 0.28.0-53-g5a82cb258f (webtiles) character file.

Game seed: 11427122470559459347

14 mcbry74 the Firebug (level 2, 0/20 HPs)
             Began as a Hill Orc Fire Elementalist on July 5, 2022.
             Was a Follower of Wu Jian.
             Slain by a jackal (2 damage)
             ... on level 1 of the Dungeon.
             The game lasted 00:05:05 (481 turns).

mcbry74 the Firebug (Hill Orc Fire Elementalist)     Turns: 481, Time: 00:05:06

Health: 0/20       AC:  2    Str: 10    XL:     2   Next: 41%
Magic:  11/13      EV: 12    Int: 15    God:    Wu Jian [*.....]
Gold:   19         SH:  0    Dex: 11    Spells: 3/4 levels left

rFire   . . .      SeeInvis .   e - +0 dagger
rCold   . . .      Faith    .   (no shield)
rNeg    . . .      Spirit   .   a - +0 robe
rPois   .          Reflect  .   (no helmet)
rElec   .          Harm     .   (no cloak)
rCorr   .          Rampage  .   (no gloves)
Will    .....                   (no boots)
Stlth   ++........              (no amulet)
HPRegen 0.06/turn               g - ring of magical power
MPRegen 0.13/turn               (no ring)

@: no status effects
A: no striking features
a: Renounce Religion


You were on level 1 of the Dungeon.
You worshipped Wu Jian.
Wu Jian was aware of your devotion.
You visited 1 branch of the dungeon, and saw 1 of its levels.

You collected 19 gold pieces.

Inventory:

Hand Weapons
 b - a +0 short sword
 e - a +0 dagger (weapon)
Missiles
 c - 5 stones (quivered)
Armour
 a - a +0 robe (worn)
Jewellery
 g - a ring of magical power (left hand)


   Skills:
 - Level 1.5 Dodging
 - Level 1.5 Stealth
 - Level 1.5 Spellcasting
 - Level 1.0 Conjurations
 + Level 4.1 Fire Magic


You had 3 spell levels left.
You knew the following spells:

 Your Spells              Type           Power      Damage    Failure   Level
a - Foxfire               Conj/Fire      32%        2x1d5     9%          1

Your spell library contained the following spells:

 Spells                   Type           Power      Damage    Failure   Level
 Scorch                   Fire           26%        2d6       6%          2
 Conjure Flame            Conj/Fire      8%         6-21      24%         3
 Inner Flame              Hex/Fire       7%         N/A       30%         3
 Call Canine Familiar     Summ           1%         N/A       56%         3
 Portal Projectile        Hex/Tloc       2%         N/A       56%         3
 Flame Wave               Conj/Fire      8%         2d5       63%         4
 Leda's Liquefaction      Hex/Erth       0%         N/A       93%         4


Dungeon Overview and Level Annotations

Branches:
Dungeon (1/15)

Altars:
Wu Jian


Message History

The jackal bites you. x2; The jackal barely misses you.
The jackal closely misses you.
You hit the jackal but do no damage.
The jackal is severely wounded.
The jackal bites you. x2
* * * LOW HITPOINT WARNING * * *
You closely miss the jackal.
The jackal is severely wounded.
The jackal closely misses you. x3; The jackal bites you.
* * * LOW HITPOINT WARNING * * *
You closely miss the jackal.
The jackal is severely wounded.
The jackal barely misses you. The jackal bites you.
* * * LOW HITPOINT WARNING * * *
Okay, then.
You aren't carrying any potions.
As you read the scroll labelled PAGYFE DICZI, it crumbles to dust.
It is a scroll of amnesia.
Really abort (and waste the scroll)? [Y]es or [N]o only, please.
Really abort (and waste the scroll)?
Okay, then.
The jackal completely misses you. The jackal bites you.
* * * LOW HITPOINT WARNING * * *
As you read the scroll labelled ZOUNNE GIFROFENN, it crumbles to dust.
You feel aware of your surroundings.
It was a scroll of magic mapping.
The jackal closely misses you. The jackal barely misses you.
The jackal closely misses you. x2
As you read the scroll labelled YTOLAC EXABB, it crumbles to dust.
It is a scroll of identify.
You don't have any unidentified items.
The jackal closely misses you. The jackal misses you.
Casting: Foxfire (safe; 9% risk of failure)
Confirm with . or Enter, or press ? or * to list all spells.
There is not enough space to conjure foxfire!
You hit the jackal.
You kill the jackal!
The Council accepts your kill. The jackal bites you.
You die...

,,,,,,*,,,,*#.........##.......##
************#.........##.......#
#.........##.......#
#.........##.#######
#.......(.##.# #######'####.*
#......#,,,,* #.######,,,,*
#.#@..#,,,,,* #.#h#.#,,,,**
#.#.#.#,,..* #.#.#.#,,..*
#...†.#,,.#* ###.###**h# #.# *h#
#.# *.# #.#####.#


You could see a jackal.

Vanquished Creatures
  An endoplasm (D:1)
  A giant cockroach (D:1)
  A goblin (D:1)
  A hobgoblin (D:1)
  3 jackals (D:1)
  A quokka (D:1)
  A frilled lizard (D:1)
  3 kobolds (D:1)
  A rat (D:1)
13 creatures vanquished.

Vanquished Creatures (others)
  22 foxfires (D:1)
22 creatures vanquished.

Grand Total: 35 creatures vanquished

Notes
Turn   | Place    | Note
-------+----------+-------------------------------------------
     0 | D:1      | mcbry74 the Hill Orc Fire Elementalist began the quest for
                  | the Orb.
     0 | D:1      | Reached XP level 1. HP: 14/14 MP: 3/3
   240 | D:1      | Found a faded altar of an unknown god.
   247 | D:1      | Prayed at the altar of an unknown god.
   247 | D:1      | Became a worshipper of the Wu Jian Council
   247 | D:1      | Reached * piety under Wu Jian
   259 | D:1      | Reached XP level 2. HP: 20/20 MP: 2/4
   321 | D:1      | Reached skill level 4 in Fire Magic
   481 | D:1      | Slain by a jackal

Illustrated notes

Levels and vault maps discovered:
D:1:      amcnicky_arrival_blooded_trapdoor, layout_basic,
          basic_ecumenical_altar, minmay_misc_feat_encased

Skill      XL: |  1  2 |
---------------+-------+-----
Fire Magic     | 4 |  4.1
Dodging        | |  1.5
Stealth        | |  1.5
Spellcasting   | |  1.5
Conjurations   | |  1.0

Action                   || total
-------------------------++-------
Melee: Dagger            ||    22
       Punch             ||     1
 Cast: Foxfire           ||    13
Invok: Whirlwind         ||     2
  Use: Scroll            ||     3
Armor: Robe              ||     8
Dodge: Dodged            ||    34
